 Dungeon Crawl Stone Soup version 0.27.1-34-g3ba077fa99 (console) character file.

Game seed: 16745461870791260870

28 Banquo the Cutter (level 3, -5/30 HPs)
             Began as a Djinni Chaos Knight on Jan 7, 2022.
             Was a Follower of Qazlal.
             Slain by a tengu (6 damage)
             ... on level 1 of the Dungeon.
             The game lasted 00:02:26 (963 turns).

Banquo the Cutter (Djinni Chaos Knight)              Turns: 963, Time: 00:02:26

Health: -5/30      AC:  5    Str:  9 (11) XL:     3   Next: 30%
Gold:   40         EV: 11    Int: 11 (14) God:    Qazlal [*.....] SH:  1 Dex:  9 (12)

rFire    + + .     SeeInvis .   a - +0 short sword (chaos)
rCold    x . .     Faith    .   (no shield)
rNeg     . . .     Spirit   .   b - +2 leather armour
rPois    ∞         Reflect  .   (no helmet)
rElec    .         Harm     .   (no cloak)
rCorr    .         Rampage  .   (no gloves)
Will     .....                  (boots unavailable)
Stlth    +.........             (no amulet)
HPRegen  0.10/turn              e - +4 ring of slaying
MPRegen  0.00/turn              (no ring)

@: flying
A: sickness immunity, fire resistance 2, cold vulnerability 1, float, innate
caster, hp casting, extra vitality 1
a: Renounce Religion


You were on level 1 of the Dungeon.
You worshipped Qazlal.
Qazlal was aware of your devotion.
You visited 1 branch of the dungeon, and saw 2 of its levels.

You collected 40 gold pieces.

Inventory:

Hand Weapons
 a - a +0 short sword of chaos (weapon)
 d - a +0 short sword
Missiles
 c - 60 stones (quivered)
Armour
 b - a +2 leather armour (worn)
Jewellery
 e - a +4 ring of slaying (left hand)
 h - a ring of flight
Scrolls
 f - a scroll of holy word {unknown}
 i - a scroll of enchant weapon {unknown}


   Skills:
 + Level 3.2 Fighting
 * Level 3.4 Short Blades
 * Level 1.4 Armour
 - Level 2.1 Dodging


You had one spell level left.
You knew the following spells:

 Your Spells              Type           Power      Damage    Failure   Level
a - Beastly Appendage     Tmut           0%         N/A       43%         1
Your spell library was empty.

Dungeon Overview and Level Annotations

Branches:
Dungeon (2/15)

Altars:
Qazlal


Innate Abilities, Weirdness & Mutations

You are immune to sickness and miasma.
You are immune to poison.
Your flesh is very heat resistant. (rF++)
You are vulnerable to cold. (rC-)
You float through the air rather than walking.
You learn spells naturally, not from books.
Your magical power is your life essence.
You have superior vitality. (+4 HP)


Message History

You feel a bit more experienced.
You hit the steam dragon.
The steam dragon evaporates and reforms as a tengu!
You hit the tengu. You freeze the tengu.
The tengu is moderately wounded.
The tengu hits you.
* * * LOW HITPOINT WARNING * * *
The tengu pecks you.
* * * LOW HITPOINT WARNING * * *
The tengu claws you.
* * * LOW HITPOINT WARNING * * *
You hit the tengu. You freeze the tengu.
The tengu is moderately wounded.
The tengu closely misses you. The tengu pecks you but does no damage.
The tengu claws you but does no damage.
It was a potion of curing.
You feel better. The tengu closely misses you. You block the tengu's attack.
The tengu claws you but does no damage.
It was a potion of degeneration.
There was something very wrong with that liquid.
You feel weakened.
You feel dopey.
You feel clumsy. The tengu hits you. The tengu pecks you but does no damage.
The tengu closely misses you.
You closely miss the tengu.
The tengu is moderately wounded.
The tengu closely misses you. The tengu pecks you but does no damage.
The tengu claws you but does no damage.
You barely miss the tengu.
The tengu is moderately wounded.
The tengu closely misses you. The tengu completely misses you.
The tengu claws you.
You hit the tengu.
The tengu is poisoned.
The tengu is moderately wounded.
The tengu hits you.
* * * LOW HITPOINT WARNING * * *
The tengu barely misses you. The tengu claws you.
* * * LOW HITPOINT WARNING * * *
You hit the tengu. You drain the tengu.
The tengu is heavily wounded.
The tengu hits you.
You die...

#......# #.#.#.## ##
#......############.
#.#.#.###........#(.
#......##...........
#.#.#.###...........
#....†.##...........
#.#.#.###.###.####..
#..@...#......#.....
#.#Q#.#.............
#...................
#.#.#.#.............
#..................)
#.#.#.#.............
#........>..........
#.#.#.#.............
#...................


You could see a tengu (very poisoned, drained).

Vanquished Creatures
  A dart slug (D:1)
  2 bats (D:1)
  An endoplasm (D:1)
  A giant cockroach (D:1)
  3 goblins
  4 hobgoblins (D:1)
  2 kobolds (D:1)
  6 ball pythons
  4 rats
24 creatures vanquished.

Vanquished Creatures (others)
  A ball python (D:1)
1 creature vanquished.

Grand Total: 25 creatures vanquished

Notes
Turn   | Place    | Note
-------+----------+-------------------------------------------
     0 | D:1      | Banquo the Djinni Chaos Knight began the quest for the Orb.
     0 | D:1      | Reached XP level 1. HP: 20/20 MP: 0/0
   114 | D:1      | HP: 1/20 [constriction (2)]
   464 | D:1      | Reached XP level 2. HP: 23/25 MP: 0/0
   646 | D:1      | XOM: potion effect (brilliance)
   698 | D:1      | Reached XP level 3. HP: 28/30 MP: 0/0
   698 | D:1      | Learned a level 1 spell: Beastly Appendage
   725 | D:1      | Found a faded altar of an unknown god.
   762 | D:1      | Fell from the grace of Xom
   762 | D:1      | Became a worshipper of Qazlal Stormbringer
   762 | D:1      | Reached * piety under Qazlal
   949 | D:1      | Noticed a steam dragon
   949 | D:1      | a bat changed into a steam dragon
   955 | D:1      | Noticed a tengu
   955 | D:1      | a steam dragon changed into a tengu
   962 | D:1      | HP: 1/30 [tengu (4)]
   963 | D:1      | Slain by a tengu

Illustrated notes

Levels and vault maps discovered:
D:1:      dpeg_arrival_prison, layout_rooms, chequers_ecumenical_altar_island,
          st_stairs_13
D:2:      layout_rooms, minmay_pentomino_x4, uniq_jessica

Skill      XL: |  1  2 |
---------------+-------+-----
Short Blades   | 3 |  3.4
Fighting       | |  3.2
Armour         | |  1.4
Dodging        | |  2.1

Action                   || total
-------------------------++-------
Melee: Short sword       ||    75
  Use: Potion            ||     2
Armor: Leather armour    ||    37
Dodge: Dodged            ||    44
Block: Other             ||     5
